Map: Port Aleksander LE

Players

soul

  • Race: Terran Terran
  • League: Grandmaster
  • Spawn Location: 5:00

LiquidMaNa (MaNa) - Winner!

  • Race: Protoss Protoss
  • League: Grandmaster
  • Spawn Location: 11:00

Event: IEM Season 13 - Katowice Server Qualifiers Europe

VOD

Have the link to the VOD?

Description

Time

  • Played on: Jan. 8, 2019, 9:58 a.m.
  • Length: 3:47

All games in this series

Show
View Real Time Build Order
Export as new Build Order

soul Terran 

Build Orders: Cyclone Opening 

Get SALT Encoding   

  12  0:00  SCV  
  13  0:13  SCV  
  14  0:22  Supply Depot  
  14  0:25  SCV  
  15  0:44  SCV  
  15  0:46  Barracks  
  16  0:50  Refinery  
  16  0:55  Refinery  
  16  0:58  SCV  
  17  1:11  SCV  
  18  1:33  Reaper, Orbital Command  
  19  1:55  Factory  
  19  1:59  SCV  
  20  2:08  Supply Depot  
  20  2:11  SCV  
  21  2:23  SCV  
  22  2:35  SCV  
  23  2:38  Factory Tech Lab  
  23  2:40  Command Center  
  23  2:45  Starport  
  23  2:47  SCV  
  23  2:59  Cyclone  
  25  3:08  SCV  
  24  3:22  SCV  
Show
View Real Time Build Order
Export as new Build Order

LiquidMaNa Protoss - Winner!

Build Orders:  

Get SALT Encoding   

  12  0:00  Probe  
  13  0:12  Probe  
  14  0:19  Pylon  
  14  0:24  Probe  
  15  0:33  Probe  
  15  0:37  Gateway  
  15  0:41  Probe  
  16  0:47  Assimilator  
  17  0:52  Probe  
  18  1:04  Probe  
  19  1:16  Probe  
  20  1:24  Cybernetics Core  
  20  1:25  Zealot  
  22  1:28  Probe  
  22  1:30  Pylon  
  23  1:39  Assimilator  
  23  1:48  Probe  
  23  1:51  Stalker  
  24  2:00  Probe  
  27  2:17  Nexus  
  27  2:19  Stalker  
  28  2:31  Probe  
  29  2:38  Pylon  
  29  2:43  Probe  
  30  2:58  Shield Battery  
  30  3:00  Probe  
  30  3:07  Stalker  
  30  3:12  Probe  
  31  3:20  Stargate  
  31  3:24  Probe  
  32  3:29  Probe  

Tags
 
Add a new tag
Caveats
  • Supply blocks, unpowered buildings, or Contaminate may cause inaccurate times.
  • Supply counts are checked every 10 seconds.